 Dungeon Crawl Stone Soup version 0.29.0-4-gdea44cf6ec (webtiles) character file.

Game seed: 1358902888318944778

1 qw the Sneak (level 1, -5/14 HPs)
             Began as a Gargoyle Delver on Sept 10, 2022.
             Killed from afar by Sigmund (6 damage)
             ... with a puff of flame
             ... on level 4 of the Dungeon.
             The game lasted 00:00:01 (22 turns).

qw the Sneak (Gargoyle Delver)                        Turns: 22, Time: 00:00:02

Health: -5/14      AC:  5    Str: 15    XL:     1   Next: 20%
Magic:  1/1        EV: 11    Int: 10    God:
Gold:   0          SH:  0    Dex: 11    Spells: 0/0 levels left

rFire   . . .      SeeInvis .   a - +0 hand axe
rCold   . . .      Faith    .   (no shield)
rNeg    + . .      Spirit   .   b - +0 leather armour
rPois   inf        Reflect  .   (no helmet)
rElec   +          Harm     .   (no cloak)
rCorr   .          Rampage  .   (no gloves)
Will    .....                   (no boots)
Stlth   +++.......              (no amulet)
HPRegen 0.04/turn               (no ring)
MPRegen 0.07/turn               (no ring)

@: no status effects
A: sickness immunity, AC +2, negative energy resistance 1, electricity
resistance, torment resistance 1, petrification resistance
a: no special abilities


You were on level 4 of the Dungeon.
You visited 1 branch of the dungeon, and saw 2 of its levels.


Innate Abilities, Weirdness & Mutations

You are immune to sickness and miasma.
Your stone body is resilient. (AC +2)
You are immune to poison.
You resist negative energy. (rN+)
You are resistant to electric shocks. (rElec)
You are resistant to unholy torment.
You are immune to petrification.


   Skills:
 - Level 3.2 Fighting
 + Level 1.9 Axes
 - Level 1.5 Dodging
 - Level 5.4 Stealth


You couldn't memorise any spells.
You didn't know any spells.
Your spell library was empty.

Inventory:

Hand Weapons
 a - a +0 hand axe (weapon)
Armour
 b - a +0 leather armour (worn)
Wands
 g - a wand of digging (3)
Potions
 f - a potion of haste

Dungeon Overview and Level Annotations

Branches:
Dungeon (5/15)
 Temple: D:4-7

Altars:

Annotations:
D:4 Natasha, Sigmund


Message History

It is said that the Orb of Zot exists deep within this dungeon.
Press ? for a list of commands and other information.
Found a robe.
Found a stone staircase leading down and a stone staircase leading up.
Assign waypoint to what number? (0-9) Waypoint 2 assigned to D:5.
0 ||| PLANNING D:1-11
0 ||| DROPPING scroll of fog.
You drop a scroll of fog.
1 ||| DROPPING scroll of magic mapping.
You drop a scroll of magic mapping.
2 ||| DROPPING scroll of fear.
You drop a scroll of fear.
(D) Dungeon
Where to? (* - list waypoints, ? - help)
What level of the Dungeon? (default 1, ? - help)
Found 11 gold pieces.
You see here a +0 robe.
There is a stone staircase leading up here.
You climb upwards.
Found three items.
There is a stone staircase leading down here.
A hobgoblin is nearby!
Existing waypoints: (2) D:5 Assign waypoint to what number? (0-9, D - delete waypoint) Waypoint 1 assigned to D:4.
Enter note: The hobgoblin shouts!
You closely miss the hobgoblin.
Sigmund the Dreaded comes into view.
He is wielding a +2 scythe of protection and carrying a wand of flame (6).
The hobgoblin hits you.
Sigmund shouts!
You hit the hobgoblin.
You kill the hobgoblin!
Sigmund zaps a wand.
The puff of flame hits you!
Ouch! That really hurt!
19 ||| Stepping ~*~*~tactically~*~*~ (hiding).
Natasha, Servant of Life and Death comes into view.
20 ||| Stepping ~*~*~tactically~*~*~ (hiding).
21 ||| Stepping ~*~*~tactically~*~*~ (hiding).
Sigmund zaps a wand.
The puff of flame hits you.
You die...

..## ##..##
.#####.$..#####
.....?........h
.............
#........#
#.....# #..#
#@># .....?..##
........#
...$@..##
....... .......
....... ~~~....


You could see Sigmund.

Vanquished Creatures
  A hobgoblin (D:4)
1 creature vanquished.

Notes
Turn   | Place    | Note
-------+----------+-------------------------------------------
     0 | D:5      | qw the Gargoyle Delver began the quest for the Orb.
     0 | D:5      | Reached XP level 1. HP: 14/14 MP: 1/1
     0 | D:5      | 0 ||| qw: Version: 0.1-a-116-g5d60599
     0 | D:5      | 0 ||| qw: Game counter: 9198
     0 | D:5      | 0 ||| qw: Always use a shield: true
     0 | D:5      | 0 ||| qw: God list: Okawaru
     0 | D:5      | 0 ||| qw: Allow faded altars: false
     0 | D:5      | 0 ||| qw: Do Orc after D:15 true
     0 | D:5      | 0 ||| qw: Do second Lair branch before Depths: true
     0 | D:5      | 0 ||| qw: Lair rune preference: random
     0 | D:5      | 0 ||| qw: Plans: Normal
     0 | D:5      | 0 ||| PLANNING D:1-11
     0 | D:5      | 0 ||| DROPPING scroll of fog.
     1 | D:5      | 1 ||| DROPPING scroll of magic mapping.
     2 | D:5      | 2 ||| DROPPING scroll of fear.
    17 | D:4      | Noticed Sigmund
    18 | D:4      | HP: 1/14 [Sigmund/puff of flame (10)]
    19 | D:4      | 19 ||| Stepping ~*~*~tactically~*~*~ (hiding).
    19 | D:4      | Noticed Natasha
    20 | D:4      | 20 ||| Stepping ~*~*~tactically~*~*~ (hiding).
    21 | D:4      | 21 ||| Stepping ~*~*~tactically~*~*~ (hiding).
    22 | D:4      | Killed from afar by Sigmund

Levels and vault maps discovered:
D:4:      layout_layer_cave, lemuel_round_altar, minmay_temple_entry_large_hall,
          kennysheep_decorative_pillar, uniq_eustachio, uniq_sigmund,
          uniq_duvessa, uniq_natasha
D:5:      layout_cave_pools, minmay_starry_boxes

Action                   || total
-------------------------++-------
Melee: Hand axe          ||     2

Table legend:
 A = Non-vault XP
 B = Vault XP
 C = Vault XP percentage of total XP
 D = Non-vault monster count
 E = Vault monster count
 F = Vault count percentage of total count
                 A         B        C        D         E       F
            +---------+---------+-------+---------+---------+-------
      Total |       2 |       0 |   0.0 |       1 |       0 |   0.0
            +---------+---------+-------+---------+---------+-------
        D:4 |       2 |       0 |   0.0 |       1 |       0 |   0.0
            +---------+---------+-------+---------+---------+-------
